Map: Hecate LE

Players

ByuN

  • Race: Terran Terran
  • Spawn Location: 1:00

MaxPax - Winner!

  • Race: Protoss Protoss
  • League: Master
  • Spawn Location: 7:00

VOD

Have the link to the VOD?

Description

Time

  • Played on: Nov. 29, 2023, 6:55 a.m.
  • Length: 6:20
Show
View Real Time Build Order
Export as new Build Order

ByuN Terran 

Build Orders:  

Get SALT Encoding   

  12  0:00  SCV  
  13  0:12  SCV  
  14  0:17  Supply Depot  
  14  0:24  SCV  
  14  0:28  Refinery  
  15  0:39  SCV  
  16  0:45  Barracks  
  16  0:51  SCV  
  17  1:03  SCV  
  18  1:05  Engineering Bay  
  18  1:15  SCV  
  19  1:27  SCV  
  20  1:33  Marine  
  20  1:35  Factory  
  21  1:42  Orbital Command  
  21  1:50  Supply Depot  
  21  1:52  Barracks Reactor  
  21  2:08  SCV  
  22  2:20  SCV  
  23  2:23  Command Center  
  23  2:32  Hellion x2  
  27  2:37  Supply Depot  
  27  2:39  SCV  
  28  2:53  Hellion  
  30  2:59  Barracks Tech Lab, Hellion  
  30  3:02  Starport  
  30  3:03  SCV  
  33  3:06  Refinery  
  33  3:15  SCV  
  34  3:22  Marine  
  34  3:23  Cyclone  
  34  3:25  Cyclone  
  39  3:37  SCV  
  40  3:49  SCV, Marine  
  40  3:54  Orbital Command  
  40  3:55  Cyclone  
  40  3:57  Cyclone  
  40  4:00  Viking  
  40  4:02  SCV  
  45  4:09  Supply Depot  
  45  4:14  SCV  
  44  4:17  Marine  
  43  4:26  SCV x2  
  43  4:30  Liberator  
  50  4:33  Cyclone  
  50  4:34  Cyclone  
  50  4:36  Supply Depot  
  53  4:38  SCV x2  
  54  4:50  SCV x2  
  54  4:51  Marine  
  57  5:02  SCV  
  58  5:07  SCV  
  58  5:09  Marine  
  58  5:11  Cyclone  
  58  5:12  Cyclone  
  64  5:14  SCV  
  64  5:18  Viking  
  64  5:19  SCV  
  64  5:21  Supply Depot  
  68  5:26  SCV  
  68  5:27  Marine  
  70  5:40  SCV x2  
  63  5:51  Marine  
  63  5:52  SCV x2  
  57  6:04  SCV x2  
Show
View Real Time Build Order
Export as new Build Order

MaxPax Protoss - Winner!

Build Orders: 1 Gate Expand, Phoenix Opening 

Get SALT Encoding   

  12  0:00  Probe  
  13  0:12  Probe  
  14  0:17  Pylon  
  14  0:24  Probe (Chrono Boost)  
  16  0:36  Gateway, Probe (Chrono Boost)  
  16  0:43  Probe (Chrono Boost)  
  16  0:45  Assimilator  
  17  0:51  Probe  
  18  1:03  Probe  
  19  1:15  Probe  
  20  1:27  Cybernetics Core, Probe  
  21  1:35  Nexus  
  21  1:40  Pylon  
  21  1:44  Probe  
  22  1:50  Assimilator  
  22  1:56  Probe  
  22  2:00  Adept (Chrono Boost)  
  25  2:08  Probe  
  26  2:21  Probe  
  27  2:23  Stargate  
  27  2:27  Shield Battery  
  27  2:33  Stalker, Probe  
  30  2:45  Warp Gate, Probe  
  30  2:46  Shield Battery  
  30  2:48  Probe (Chrono Boost)  
  33  3:00  Probe (Chrono Boost)  
  33  3:03  Probe (Chrono Boost)  
  33  3:05  Phoenix (Chrono Boost)  
  34  3:08  Probe (Chrono Boost)  
  34  3:11  Probe (Chrono Boost)  
  38  3:15  Probe  
  38  3:17  Pylon  
  39  3:21  Probe  
  39  3:23  Phoenix (Chrono Boost)  
  42  3:28  Probe  
  42  3:33  Probe  
  44  3:34  Pylon  
  44  3:40  Probe  
  44  3:41  Phoenix (Chrono Boost)  
  41  3:49  Probe  
  41  3:53  Probe  
  42  4:01  Assimilator, Probe  
  43  4:03  Assimilator  
  43  4:06  Robotics Facility  
  43  4:09  Probe (Chrono Boost)  
  44  4:16  Probe (Chrono Boost)  
  45  4:17  Phoenix  
  45  4:21  Probe (Chrono Boost)  
  48  4:29  Probe (Chrono Boost)  
  48  4:30  Probe (Chrono Boost)  
  50  4:35  Probe  
  50  4:37  Probe  
  52  4:40  Shield Battery, Stalker  
  54  4:47  Probe  
  54  4:51  Immortal (Chrono Boost)  
  54  4:52  Pylon  
  59  5:00  Phoenix  
  59  5:11  Stalker  
  59  5:13  Pylon, Probe  
  62  5:20  Pylon  
  62  5:22  Pylon  
  62  5:27  Gateway  
  62  5:31  Probe x2  
  62  5:34  Immortal  
  68  5:41  Stalker  
  68  5:48  Phoenix  
  68  5:49  Probe  
  71  5:50  Probe  
  72  6:01  Probe  
Tags
 
Add a new tag
Caveats
  • Supply blocks, unpowered buildings, or Contaminate may cause inaccurate times.
  • Supply counts are checked every 10 seconds.